 Dungeon Crawl Stone Soup version 0.27-a0-1036-g8e1b44f6bd (webtiles) character file.

Game seed: 2422005833537672218

71 siradein the Chopper (level 4, -2/39 HPs)
             Began as a Hill Orc Fighter on Apr 18, 2021.
             Slain by a gnoll
             ... wielding a +0 flail
              (5 damage)
             ... on level 2 of the Dungeon.
             The game lasted 00:03:01 (1873 turns).

siradein the Chopper (Hill Orc Fighter)             Turns: 1873, Time: 00:03:02

Health: -2/39      AC:  9    Str: 19    XL:     4   Next: 24%
Magic:  4/4        EV:  7    Int:  8    God:
Gold:   84         SH:  9    Dex: 10    Spells: 3/3 levels left

rFire    . . .     SeeInvis .   a - +0 war axe
rCold    . . .     Faith    .   c - +0 kite shield
rNeg     . . .     Spirit   .   b - +0 scale mail
rPois    .         Reflect  .   h - +1 helmet
rElec    .         Harm     .   (no cloak)
rCorr    .         Rampage  .   (no gloves)
Will     .....                  (no boots)
Stlth    ..........             (no amulet)
HPRegen  0.13/turn              (no ring)
MPRegen  0.09/turn              (no ring)

@: mighty
A: no striking features
a: no special abilities


You were on level 2 of the Dungeon.
You visited 1 branch of the dungeon, and saw 2 of its levels.

You collected 84 gold pieces.

Inventory:

Hand Weapons
 a - a +0 war axe (weapon)
Armour
 b - a +0 scale mail (worn)
 c - a +0 kite shield (worn)
 h - a +1 helmet (worn)
Scrolls
 e - a scroll of amnesia {unknown}
 f - a scroll of noise {unknown}
Potions
 g - a potion of lignification {unknown}
 i - 2 potions of curing {unknown}


   Skills:
 - Level 3.6 Fighting
 + Level 5.8 Axes
 - Level 3.2 Armour
 - Level 3.2 Shields


You had 3 spell levels left.
You didn't know any spells.
Your spell library was empty.

Dungeon Overview and Level Annotations

Branches:
Dungeon (2/15)

Altars:


Message History

The gnoll barely misses you. You block the gnoll's attack.
You slash the gnoll!
The gnoll is heavily wounded.
The gnoll hits you with a +0 club. You block the gnoll's attack.
Your shield and scale mail prevent you from hitting the gnoll.
The gnoll is heavily wounded.
The gnoll hits you with a +0 club. The gnoll barely misses you.
The gnoll hits you but does no damage.
You closely miss the gnoll.
The gnoll is heavily wounded.
The gnoll completely misses you. You block the gnoll's attack.
You slash the gnoll!
You kill the gnoll!
The gnoll barely misses you.
You slash the gnoll!
The gnoll is severely wounded.
The gnoll hits you with a +0 whip.
You barely miss the gnoll.
The gnoll is severely wounded.
The gnoll hits you but does no damage. The gnoll hits you with a +0 whip.
* * * LOW HITPOINT WARNING * * *
Your shield and scale mail prevent you from hitting the gnoll.
The gnoll is severely wounded.
The gnoll hits you with a +0 whip.
* * * LOW HITPOINT WARNING * * *
A giant cockroach comes into view.
The gnoll hits you with a +0 whip.
* * * LOW HITPOINT WARNING * * *
You block the gnoll's attack.
Really walk into that teleport trap?
You enter a teleport trap!
The teleport trap disappears.
Your surroundings seem slightly different.
You block the giant cockroach's attack.
You feel very mighty all of a sudden.
You slice the gnoll!!
You kill the gnoll!
Your shield and scale mail prevent you from hitting the gnoll.
The gnoll hits you with a +0 flail.
You die...

######+### .###
#........####...
..........#...#
.รท)...........
............#
............###
..<...........####
.........####.Bgg#
......#.....####@#
.....######## ###
.....# #....#
.....# .....#
.....# .....#
.....#


You could see 2 gnolls and a giant cockroach.

Vanquished Creatures
  Robin (D:2)
  2 gnolls (D:2)
  A dart slug (D:1)
  2 ball pythons
  A giant cockroach (D:1)
  7 hobgoblins (D:1)
  3 jackals (D:1)
  A quokka (D:1)
  10 bats
  A frilled lizard (D:1)
  11 goblins
  2 kobolds (D:1)
  5 rats
47 creatures vanquished.

Notes
Turn   | Place    | Note
-------+----------+-------------------------------------------
     0 | D:1      | siradein the Hill Orc Fighter began the quest for the Orb.
     0 | D:1      | Reached XP level 1. HP: 19/19 MP: 1/1
     9 | D:1      | Found a faded altar of an unknown god.
    34 | D:1      | Reached skill level 3 in Axes
   142 | D:1      | Reached XP level 2. HP: 26/26 MP: 2/2
   271 | D:1      | Reached skill level 4 in Axes
   483 | D:1      | Reached XP level 3. HP: 30/31 MP: 3/3
   864 | D:2      | Noticed Robin
  1404 | D:1      | Reached skill level 5 in Axes
  1589 | D:2      | Killed Robin
  1761 | D:2      | Reached XP level 4. HP: 39/39 MP: 4/4
  1873 | D:2      | Slain by a gnoll

Illustrated notes

Levels and vault maps discovered:
D:1:      mrwooster_arrival_statue, layout_loops_ring,
          ebering_ecumenical_altar_webs
D:2:      minmay_diamond_boxcup, layout_rooms, kennysheep_generic_room_9,
          uniq_robin

Skill      XL: |  1  2  3 |
---------------+----------+-----
Axes           | 3 4 5 |  5.8
Fighting       | |  3.6
Armour         | |  3.2
Shields        | |  3.2

Action                   |  1- 3 |  4- 6 || total
-------------------------+-------+-------++-------
Melee: War axe           |   136 |    17 ||   153
  Use: Potion            |       |     1 ||     1
Armor: Scale mail        |    82 |     9 ||    91
Dodge: Dodged            |    46 |     6 ||    52
Block: Kite shield       |    79 |    17 ||    96

Table legend: (Time is in decaauts)
 A = Elapsed time spent in this place.
 B = Non-inter-level travel time spent in this place.
 C = Inter-level travel time spent in this place.
 D = Time resting spent in this place.
 E = Time spent auto-exploring this place.
 F = Levels seen in this place.
 G = Mean time per level.
                   A        B        C        D        E       F      G
               +--------+--------+--------+--------+--------+-----+--------+
         Total |   1958 |   1916 |     42 |    495 |    981 |   2 |  979.0 |
       Dungeon |   1958 |   1916 |     42 |    495 |    981 |   2 |  979.0 |
               +--------+--------+--------+--------+--------+-----+--------+

Top non-repeatable levels by time:
     D:1: 1624 daAuts
     D:2: 333 daAuts
